Map: Blackburn LE

Players

ShoWTimE - Winner!

  • Race: Protoss Protoss

AqueroN

  • Race: Terran Terran

Event: DreamHack SC2 Masters 2021 Winter

VOD

Have the link to the VOD?

Description

Time

  • Played on: Sept. 29, 2021, 11:19 a.m.
  • Length: 7:56

All games in this series

Show
View Real Time Build Order
Export as new Build Order

ShoWTimE Protoss - Winner!

Build Orders: 1 Gate Expand, Oracle Opening 

Get SALT Encoding   

  12  0:00  Probe  
  13  0:12  Probe  
  14  0:17  Pylon  
  14  0:24  Probe  
  15  0:35  Gateway  
  15  0:36  Probe (Chrono Boost)  
  16  0:46  Assimilator, Probe (Chrono Boost)  
  17  0:51  Probe (Chrono Boost)  
  18  1:03  Probe  
  19  1:15  Probe  
  20  1:24  Cybernetics Core  
  20  1:40  Nexus  
  20  1:43  Probe  
  21  1:52  Pylon  
  21  1:56  Probe  
  21  2:01  Assimilator  
  22  2:08  Adept (Chrono Boost), Probe  
  25  2:17  Pylon  
  25  2:20  Probe  
  26  2:28  Adept (Chrono Boost)  
  26  2:32  Probe  
  29  2:40  Stargate  
  29  2:45  Probe  
  29  2:50  Adept  
  32  2:52  Probe (Chrono Boost)  
  34  3:03  Probe (Chrono Boost)  
  34  3:04  Probe (Chrono Boost)  
  35  3:09  Probe (Chrono Boost)  
  35  3:10  Probe (Chrono Boost)  
  37  3:19  Probe  
  38  3:23  Oracle (Chrono Boost)  
  38  3:24  Adept  
  38  3:25  Probe  
  42  3:33  Gateway, Probe  
  43  3:40  Probe  
  44  3:43  Gateway  
  44  3:51  Oracle (Chrono Boost)  
  44  3:53  Probe  
  48  3:57  Probe  
  48  4:00  Pylon  
  49  4:05  Probe, Shield Battery  
  49  4:08  Gateway  
  50  4:13  Pylon  
  50  4:15  Probe  
  51  4:18  Pylon  
  51  4:20  Oracle (Chrono Boost)  
  54  4:25  Probe  
  55  4:32  Probe  
  55  4:36  Warp Gate (Chrono Boost)  
  55  4:37  Probe  
  57  4:43  Stalker  
  57  4:44  Stalker  
  57  4:45  Probe  
  61  4:49  Probe  
  61  4:52  Assimilator  
  62  4:54  Assimilator  
  62  4:57  Probe  
  61  5:01  Probe  
  62  5:09  Nexus, Probe  
  62  5:13  Probe  
  64  5:17  Stalker  
  64  5:20  Stalker  
  64  5:21  Probe  
  69  5:23  Stalker  
  71  5:32  Probe, Pylon  
  71  5:33  Probe  
  73  5:44  Probe  
  73  5:45  Probe  
  72  5:56  Probe  
  73  5:57  Gateway, Probe  
  74  6:07  Forge  
  74  6:08  Twilight Council, Probe  
  74  6:09  Probe  
  74  6:10  Phoenix (Chrono Boost)  
  78  6:11  Stalker  
  78  6:14  Stalker  
  78  6:17  Stalker  
  84  6:21  Probe x2  
  85  6:25  Probe  
  83  6:33  Probe x2  
  83  6:37  Probe  
  83  6:39  Stalker x2  
  90  6:43  Stalker  
  90  6:44  Pylon, Shield Battery  
  90  6:45  Probe  
  93  6:52  Stalker  
  95  6:56  Shield Battery  
  95  6:57  Pylon  
  95  7:02  Gateway x2  
  95  7:06  Stalker  
  95  7:07  Stalker  
  97  7:17  Pylon  
  97  7:19  Stalker x2  
  101  7:31  Pylon  
  101  7:35  Stalker x2  
  101  7:52  Pylon  
Show
View Real Time Build Order
Export as new Build Order

AqueroN Terran 

Build Orders:  

Get SALT Encoding   

  12  0:00  SCV  
  13  0:12  SCV  
  14  0:17  Supply Depot  
  14  0:24  SCV  
  14  0:28  Refinery  
  15  0:38  SCV  
  16  0:45  Barracks  
  16  0:50  SCV  
  17  1:02  SCV  
  18  1:06  Engineering Bay  
  18  1:14  SCV  
  19  1:33  Orbital Command  
  19  1:34  Marine  
  20  1:40  Factory  
  20  1:48  Supply Depot  
  20  1:52  Barracks Reactor  
  20  1:59  SCV  
  21  2:11  SCV  
  22  2:23  SCV  
  22  2:26  Armory  
  22  2:29  Marine x2  
  25  2:36  SCV  
  26  2:39  Supply Depot  
  26  2:41  Widow Mine  
  28  2:51  Command Center  
  28  2:58  SCV  
  28  3:02  Widow Mine  
  28  3:03  Marine x2  
  33  3:12  Supply Depot  
  33  3:21  SCV, Marine x2  
  33  3:24  Widow Mine  
  38  3:29  Refinery  
  38  3:34  Starport  
  38  3:39  Marine x2  
  38  3:45  Widow Mine, SCV  
  41  3:57  SCV, Marine x2  
  39  4:06  Widow Mine  
  34  4:12  SCV  
  34  4:18  Marine x2  
  36  4:24  SCV  
  36  4:31  Widow Mine  
  37  4:32  Orbital Command  
  37  4:36  SCV  
  38  4:44  Marine x2  
  40  4:48  SCV  
  40  4:52  Orbital Command  
  39  5:00  SCV x2  
  39  5:01  Marine x2  
  41  5:11  Factory Tech Lab  
  41  5:13  SCV  
  42  5:16  Supply Depot  
  42  5:18  SCV  
  42  5:20  Marine x2  
  45  5:25  SCV  
  46  5:28  Medivac  
  46  5:30  SCV  
  46  5:31  Thor  
  55  5:36  Supply Depot  
  55  5:37  Marine  
  55  5:38  Marine  
  55  5:40  SCV  
  51  5:54  SCV x2  
  51  5:55  Marine  
  51  5:56  Marine  
  52  5:59  Barracks  
  52  6:02  Barracks  
  49  6:12  SCV  
  49  6:13  Marine  
  49  6:14  Marine  
  49  6:17  Siege Tank  
  55  6:24  SCV  
  56  6:36  Marine x2  
  56  6:41  Liberator  
  56  6:45  Supply Depot  
  56  6:46  Supply Depot  
  59  6:48  Marine  
  59  6:49  Marine  
  59  6:54  Marine x2  
  63  7:06  Siege Tank, Marine  
  63  7:07  Marine  
  68  7:11  Marine x2  
  70  7:24  Marine  
  70  7:25  Marine  
  70  7:29  Marine x2  

Tags
 
Add a new tag
Caveats
  • Supply blocks, unpowered buildings, or Contaminate may cause inaccurate times.
  • Supply counts are checked every 10 seconds.